 Dungeon Crawl Stone Soup version 0.19.0-2-gae57169 (webtiles) character file.

140 poirepourri the Ruffian (level 5, -1/40 HPs)
             Began as a Draconian Transmuter on Nov 3, 2016.
             Was an Initiate of Okawaru.
             Slain by a mummy (20 damage)
             ... in an ossuary.
             The game lasted 00:04:40 (4379 turns).

poirepourri the Ruffian (Draconian Transmuter)      Turns: 4379, Time: 00:04:40

Health: -1/40      AC:  5    Str: 13    XL:     5   Next: 2%
Magic:  9/9        EV: 12    Int: 14    God:    Okawaru [......]
Gold:   251        SH:  0    Dex: 11    Spells: 3 memorised, 3 levels left

rFire  . . .     SeeInvis .       - Unarmed
rCold  . . .     Gourm    .     (armour unavailable)
rNeg   . . .     Faith    .     (no shield)
rPois  .         Spirit   .     (helmet restricted)
rElec  .         Reflect  .     (no cloak)
rCorr  .         Harm     .     (no gloves)
MR     .....                    (no boots)
Stlth  +.........               (no amulet)
                                (no ring)
                                (no ring)

@: confused, appendage (expiring), marked
A: unfitting armour, horns 2, cold-blooded, AC +5
a: End Transformation, Renounce Religion


You were in an ossuary.
You worshipped Okawaru.
Okawaru was noncommittal.
You were not hungry.
You had grown temporary horns.
You visited 1 branch of the dungeon, and saw 4 of its levels.
You also visited: Ossuary.

You collected 251 gold pieces.

Inventory:

Missiles
 a - 59 arrows
 d - 4 poisoned javelins (quivered)
Jewellery
 c - a +2 ring of slaying {unknown}
Scrolls
 g - a scroll of fear
 m - a scroll of recharging
 o - a scroll of enchant armour
Potions
 e - 4 potions of lignification
 i - 2 potions of magic {unknown}
 j - a potion of curing {unknown}
 k - 2 potions of heal wounds {unknown}
 l - a potion of agility {unknown}
 n - a potion of haste {unknown}
 p - a potion of brilliance {unknown}
Books
 b - a book of Changes

   Spells                             Type                      Level
   a - Beastly Appendage              Transmutation                1
   b - Sticks to Snakes               Transmutation                2
   c - Spider Form                    Transmutation/Poison         3
   d - Ice Form                       Ice/Transmutation            4
   e - Blade Hands                    Transmutation                5
Comestibles
 h - 3 fruits


   Skills:
 + Level 1.4 Fighting
 + Level 2.3 Dodging
 + Level 0.4 Stealth
 + Level 4.1 Unarmed Combat
 + Level 2.8 Spellcasting
 + Level 3.0 Transmutations


You had 3 spell levels left.
You knew the following spells:

 Your Spells              Type           Power        Failure   Level  Hunger
a - Beastly Appendage     Tmut           ##....       10%         1    #......
b - Sticks to Snakes      Tmut           ##......     12%         2    ###....
c - Spider Form           Tmut/Pois      #.........   38%         3    ###....


Dungeon Overview and Level Annotations

Branches:
Dungeon (4/15)
 Temple: D:4-7

Altars:
Gozag
Okawaru


Innate Abilities, Weirdness & Mutations

Your plain brown scales are hard. (AC +5)
You cannot fit into any form of body armour.
You are cold-blooded and may be slowed by cold attacks.
You have a pair of horns on your head.


Message History

The hobgoblin zombie is unaffected.
The orc zombie is unaffected.
The mummy is unaffected.
The orc zombie is unaffected.
The hobgoblin zombie is unaffected.
Unknown command.
Okay, then.
You are confused.
You feel invigorated.
The hobgoblin zombie closely misses you.
The elf zombie hits you.
You bump into the stone wall.
The hobgoblin zombie hits you but does no damage.
The elf zombie hits you. The mummy closely misses you.
You hit the mummy but do no damage.
You hear a blaring wail to the southwest.
The mummy hits you! The hobgoblin zombie hits you.
The elf zombie hits you but does no damage.
You bump into the stone wall.
The mummy closely misses you. The mummy hits you!!
Ouch! That really hurt!
You die...

#...##############...#
#...# #...# #...#
#...# #...# #...#
#...####+.... #...#
#...#.....∩.# #...#
#...#.......# #...#
#...#.....ZZ# #...#
#...#.....ZM####.#...#
#...#.....ZM@ZZZZ#...#
#...#.####ZZ####.#...#
#...# #..# #...# #...#
#..# #...#
#...######..######...#
#....................#
#........8..8........#
#....................#
#....................#


You could see 2 mummies, an adder zombie, a rat zombie, a jackal zombie, 2
hobgoblin zombies, a kobold zombie, 2 orc zombies and 2 elf zombies.

Vanquished Creatures
  A hound skeleton (D:4)
  A mummy (D:4)
  2 adders
  A worm (D:3)
  A dart slug (D:3)
  A leopard gecko (D:1)
  An orc (D:2)
  A ball python (D:3)
  5 bats
  2 giant cockroaches (D:3)
  11 goblins
  7 hobgoblins
  12 jackals
  3 quokkas
  10 frilled lizards
  5 hobgoblin zombies (Ossuary)
  A jackal zombie (Ossuary)
  4 kobolds
  6 kobold zombies (Ossuary)
  3 orc zombies (Ossuary)
  4 rats
82 creatures vanquished.

Vanquished Creatures (collateral kills)
  A jackal (D:3)
  3 kobold zombies (Ossuary)
  3 orc zombies (Ossuary)
7 creatures vanquished.

Vanquished Creatures (others)
  A hound (D:4)
  An iguana (D:4)
  A dart slug (D:4)
  An orc (D:4)
4 creatures vanquished.

Grand Total: 93 creatures vanquished

Notes
Turn   | Place    | Note
-------+----------+-------------------------------------------
     0 | D:1      | poirepourri the Draconian Transmuter began the quest for the Orb.
     0 | D:1      | Reached XP level 1. HP: 16/16 MP: 3/3
   252 | D:1      | Reached XP level 2. HP: 9/23 MP: 3/5
   465 | D:1      | Learned a level 2 spell: Sticks to Snakes
  1233 | D:1      | Reached XP level 3. HP: 28/28 MP: 4/6
  1238 | D:1      | Learned a level 3 spell: Spider Form
  3084 | D:3      | Reached XP level 4. HP: 21/35 MP: 7/7
  3326 | D:3      | Found an opulent altar of Gozag.
  3368 | D:3      | Found an iron altar of Okawaru.
  3393 | D:3      | Became a worshipper of Warmaster Okawaru
  4011 | D:4      | Reached skill level 4 in Unarmed Combat
  4025 | D:4      | Found a sand-covered staircase.
  4067 | Ossuary  | Entered an ossuary
  4317 | Ossuary  | Reached XP level 5. HP: 40/40 MP: 5/9
  4379 | Ossuary  | Slain by a mummy

Skill      XL: |  1  2  3  4 |
---------------+-------------+-----
Dodging        | 2 |  2.3
Unarmed Combat | 4 |  4.1
Transmutations | 3 |  3.0
Fighting       | |  1.4
Stealth        | |  0.4
Spellcasting   | |  2.8

Action                   |  1- 3 |  4- 6 || total
-------------------------+-------+-------++-------
Melee: Unarmed           |   187 |   101 ||   288
       Tailslap          |    16 |    12 ||    28
       Headbutt          |     8 |     9 ||    17
       Kick              |     1 |     7 ||     8
 Cast: Beastly Appendage |    15 |    13 ||    28
       Sticks to Snakes  |     1 |    11 ||    12
       Spider Form       |     3 |       ||     3
  Use: Scroll            |     2 |     6 ||     8
       Potion            |       |     1 ||     1
 Stab: Sleeping          |       |     1 ||     1
  Eat: Bread ration      |     2 |       ||     2
       Fruit             |     1 |       ||     1
       Meat ration       |       |     1 ||     1
Armor: Skin              |    40 |    33 ||    73
Dodge: Dodged            |   124 |    92 ||   216
